 Dungeon Crawl Stone Soup version 0.26.0-10-g1f06aea511 (webtiles) character file.

Game seed: 4018037733287545020

2891 zamkadom the Basher (level 9, 0/82 HPs)
             Began as a Minotaur Fighter on Jan 25, 2021.
             Was a Priest of Okawaru.
             Slain by Menkaure (19 damage)
             ... on level 7 of the Dungeon.
             The game lasted 00:19:20 (8717 turns).

zamkadom the Basher (Minotaur Fighter)              Turns: 8717, Time: 00:19:21

Health: 0/82       AC:  6    Str: 24    XL:     9   Next: 48%
Magic:  8/8        EV: 15    Int:  5    God:    Okawaru [***...]
Gold:   494        SH: 10    Dex: 10    Spells: 8/8 levels left

rFire    . . .     SeeInvis .   D - +1 mace (vorpal)
rCold    . . .     Faith    .   c - +1 kite shield
rNeg     . . .     Spirit   .   b - +0 scale mail
rPois    .         Reflect  .   (helmet restricted)
rElec    .         Harm     .   (no cloak)
rCorr    .         Rampage  .   (no gloves)
Will     .....                  (no boots)
Stlth    ..........             (no amulet)
HPRegen  0.23/turn              l - +4 ring of evasion
MPRegen  0.11/turn              x - +4 ring of evasion

@: no status effects
A: retaliatory headbutt, horns 2
a: Renounce Religion, Heroism


You were on level 7 of the Dungeon.
You worshipped Okawaru.
Okawaru was most pleased with you.
You visited 2 branches of the dungeon, and saw 8 of its levels.
You also visited: Ossuary.

You collected 494 gold pieces.

Inventory:

Hand Weapons
 a - a +0 flail
 e - a +2 mace of distortion
 t - a +1 whip
 D - a +1 vorpal mace (weapon)
 J - a +6 rapier of flaming
 O - a +2 whip of flaming
Armour
 b - a +0 scale mail (worn)
 c - a +1 kite shield (worn)
 u - a +0 ring mail
Jewellery
 h - an uncursed ring of see invisible
 l - a +4 ring of evasion (left hand)
 n - an uncursed ring of stealth
 x - a +4 ring of evasion (right hand)
 B - a cursed ring of teleportation {unknown}
 I - a +4 ring of protection {unknown}
Wands
 o - a wand of iceblast (12)
 C - a wand of flame (8)
 H - a wand of digging (6)
 N - a wand of acid (1)
Scrolls
 f - a scroll of enchant weapon
 g - 2 scrolls of teleportation
 j - a scroll of noise {unknown}
 k - 4 scrolls of remove curse
 q - a scroll of enchant armour
 s - a scroll of magic mapping {unknown}
 w - a scroll of torment {unknown}
 y - a scroll of amnesia {unknown}
 G - a scroll of vulnerability {unknown}
 M - a scroll of silence {unknown}
Potions
 d - a potion of might
 i - 3 potions of berserk rage
 m - 3 potions of haste
 p - 9 potions of curing
 r - a potion of resistance {unknown}
 v - 3 potions of brilliance
 z - a potion of mutation
 A - 2 potions of attraction
 E - a potion of lignification {unknown}
 F - a potion of degeneration {unknown}
 K - a potion of magic {unknown}
 L - a potion of heal wounds {unknown}


   Skills:
 + Level 8.4 Fighting
 + Level 13.4 Maces & Flails
 - Level 3.6 Armour
 - Level 3.6 Shields


You had 8 spell levels left.
You didn't know any spells.
Your spell library was empty.

Dungeon Overview and Level Annotations

Branches:
Dungeon (7/15)             Temple (1/1) D:4         Ossuary (visited)

Altars:
Cheibriados
Dithmenos
Elyvilon
Fedhas
Gozag
Hepliaklqana
Kikubaaqudgha
Makhleb
Nemelex Xobeh
Okawaru
Qazlal
Ru
Sif Muna
Trog
Uskayaw
Vehumet
Wu Jian
Xom
Yredelemnul
Zin
The Shining One

Annotations:
D:7 Menkaure


Innate Abilities, Weirdness & Mutations

You reflexively headbutt those who attack you in melee.
You have a pair of horns on your head.


Message History

Menkaure is nearby!
Menkaure calls on the powers of darkness!
Your body is wracked with pain!
* * * LOW HITPOINT WARNING * * *
You thump Menkaure! Your headbutt misses Menkaure.
Menkaure is moderately damaged.
You hit Menkaure but do no damage.
Menkaure is moderately damaged.
Menkaure casts a spell.
Menkaure seems to speed up.
You hit Menkaure.
You headbutt Menkaure, but do no damage.
Menkaure is heavily damaged.
Menkaure hits you!
* * * LOW HITPOINT WARNING * * *
Press: ? - help, v - describe, . - travel
Here: Menkaure (heavily damaged, fast)
The floor.
You feel better. Menkaure hits you!!
You die...

#.#.#.###.####.#.# #.#
...>.....(.....#<# ...
..........###..#.# .#..
###.#.##### #..#.##. .##
#.....# #..#.### ##
#.....#####..#.#
#..............#
#.....#.###)###########
#.....#.###...@..?.....
######'#<.((.(#M#########
.....'_+..###.#.##
######'#.## #..).# #...#
###..# ##### #..# #..###
#....# ##.#.#


You could see Menkaure (fast).

Vanquished Creatures
  Pikel (D:7)
  Eustachio (D:6)
  A wyvern (D:6)
  A sky beast (D:6)
  An orc warrior (D:6)
  2 ice beasts
  An ogre (D:5)
  A phantom (D:5)
  A centaur (D:7)
  A lemure (D:6)
  A bullfrog (D:7)
  3 gnoll sergeants (D:6)
  2 scorpions (D:6)
  3 centaur zombies (Ossuary)
  A quasit (D:5)
  2 hounds
  8 orc wizards
  2 human zombies (Ossuary)
  An orc priest (D:7)
  A centaur skeleton (D:5)
  Jessica (D:2)
  2 iguanas (D:5)
  3 worker ants
  2 big kobold zombies (Ossuary)
  A hound skeleton (D:4)
  7 mummies (Ossuary)
  13 adders
  4 gnolls (D:4)
  2 howler monkey skeletons (D:5)
  2 shadow imps
  A white imp (D:5)
  An ooze (D:1)
  2 adder zombies (Ossuary)
  2 dart slugs
  4 leopard geckos
  35 orcs
  7 bats
  4 giant cockroaches
  5 hobgoblins
  4 quokkas
  3 ball pythons
  6 frilled lizards
  8 goblins
  3 goblin zombies (Ossuary)
  8 hobgoblin zombies (Ossuary)
  A jackal skeleton (D:4)
  4 kobolds
  4 kobold zombies (Ossuary)
  A leopard gecko skeleton (D:5)
  A quokka skeleton (D:4)
  2 quokka zombies (Ossuary)
  6 rats
184 creatures vanquished.

Notes
Turn   | Place    | Note
-------+----------+-------------------------------------------
     0 | D:1      | zamkadom the Minotaur Fighter began the quest for the Orb.
     0 | D:1      | Reached XP level 1. HP: 19/19 MP: 0/0
   136 | D:1      | Reached skill level 3 in Maces & Flails
   227 | D:1      | Reached XP level 2. HP: 24/26 MP: 1/1
   674 | D:2      | Reached skill level 4 in Maces & Flails
   749 | D:2      | Reached XP level 3. HP: 31/31 MP: 2/2
   754 | D:2      | Found a burning altar of Makhleb.
  1500 | D:2      | Reached skill level 5 in Maces & Flails
  1578 | D:2      | Noticed Jessica
  1585 | D:2      | Killed Jessica
  1586 | D:2      | Reached XP level 4. HP: 39/39 MP: 3/3
  2020 | D:3      | Reached skill level 6 in Maces & Flails
  2100 | D:3      | Reached XP level 5. HP: 45/45 MP: 4/4
  2416 | D:3      | Found an ornate altar of the Wu Jian Council.
  2494 | D:3      | Reached skill level 7 in Maces & Flails
  2684 | D:4      | Noticed a -3 dagger
  2685 | D:4      | Noticed a +0 hand axe
  2794 | D:4      | Reached XP level 6. HP: 44/51 MP: 5/5
  2844 | D:4      | Found a hide-covered altar of Uskayaw.
  2871 | D:4      | Found a glowing silver altar of Zin.
  3021 | D:4      | Found a sand-covered staircase.
  3029 | Ossuary  | Entered an ossuary
  3045 | Ossuary  | Reached skill level 8 in Maces & Flails
  3380 | Ossuary  | Reached skill level 9 in Maces & Flails
  3586 | Ossuary  | Reached XP level 7. HP: 55/57 MP: 6/6
  4129 | D:4      | Found a staircase to the Ecumenical Temple.
  4251 | D:4      | Found a sacrificial altar of Ru.
  4439 | Temple   | Entered the Ecumenical Temple
  4732 | Temple   | Became a worshipper of Warmaster Okawaru
  4786 | D:5      | Entered Level 5 of the Dungeon
  4799 | D:5      | Reached skill level 10 in Maces & Flails
  5493 | D:5      | Reached skill level 11 in Maces & Flails
  5493 | D:5      | Reached XP level 8. HP: 31/64 MP: 7/7
  6006 | D:5      | Found a glowing golden altar of the Shining One.
  6243 | D:6      | Found a radiant altar of Vehumet.
  6339 | D:6      | Noticed Eustachio
  6626 | D:6      | Killed Eustachio
  6626 | D:6      | Reached * piety under Okawaru
  6846 | D:6      | Reached skill level 12 in Maces & Flails
  6921 | D:6      | Found a stormy altar of Qazlal.
  6922 | D:6      | Noticed an air elemental
  7045 | D:6      | Reached skill level 5 in Fighting
  8027 | D:6      | Reached ** piety under Okawaru
  8028 | D:6      | Reached XP level 9. HP: 74/78 MP: 8/8
  8121 | D:6      | Found a shimmering blue altar of Sif Muna.
  8239 | D:7      | Reached skill level 13 in Maces & Flails
  8322 | D:7      | Found a white marble altar of Elyvilon.
  8380 | D:7      | Noticed Pikel
  8390 | D:7      | Noticed Menkaure
  8688 | D:7      | Killed Pikel
  8688 | D:7      | Reached *** piety under Okawaru
  8717 | D:7      | Slain by Menkaure

Illustrated notes

Levels and vault maps discovered:
D:1:      ebering_trefoil_3fold, layout_basic, minmay_statues_item,
          minivault_27, minmay_pentomino_x2
D:2:      layout_loops_ring, nicolae_overflow_hidden_temple, uniq_jessica
D:3:      layout_basic, pdpol_wu_jian_five_deadly_venoms, minmay_liquid_box
D:4:      layout_cave_pools, kennysheep_little_box, dancing_weapons_uskayaw,
          old_standard_altar, minmay_temple_entry_gardened_gates,
          serial_column_ruins, column_ruins_grid_3, column_ruins_columns_corner,
          column_ruins_open_medium, column_ruins_grid_1, column_ruins_grid_1,
          column_ruins_grid_1, column_ruins_grid_1,
          lightli_ossuary_entry_decrepit_ruins, st_stairs_1, minmay_ruptured
D:5:      layout_basic, general_overflow_altar
D:6:      layout_rooms, marbit_many_paths, nicolae_qazlal_style_of_elements,
          nicolae_overflow_crystal_walls, sword_in_stone
D:7:      layout_loops_ring, kennysheep_mini, uniq_menkaure, uniq_pikel
Temple:   minmay_temple_curvy_loop

Skill      XL: |  1  2  3  4  5  6  7  8  9 |
---------------+----------------------------+-----
Maces & Flails | 3 4 5 6 7 9 11 12 13 | 13.4
Fighting       | 6 8 |  8.4
Armour         | |  3.6
Shields        | |  3.6

Action                   |  1- 3 |  4- 6 |  7- 9 || total
-------------------------+-------+-------+-------++-------
Melee: Flail             |    84 |    42 |    16 ||   142
       Headbutt          |     7 |    51 |    77 ||   135
       Whip              |       |   211 |   147 ||   358
       Mace              |       |       |   196 ||   196
Invok: Heroism           |       |       |     1 ||     1
  Use: Scroll            |       |     9 |     6 ||    15
       Potion            |       |       |     1 ||     1
Armor: Scale mail        |    23 |    47 |    40 ||   110
Dodge: Dodged            |    25 |    52 |   113 ||   190
Block: Kite shield       |    36 |    93 |   139 ||   268
